AoeStats
← zahariev.pavel

MegaRandom

508077997Analyzed
4v4 RM · 10d ago on Sep 20, 2026· 34m 15s· 8 players
Game mode
Random Map
Map size
Large (8 player)
Population
200
Speed
Normal
Resources
Standard
Victory
Conquest
Starting age
Dark Age
Ending age
Imperial Age
RankedLock teamsTeams togetherTeam positionsShared explorationLock speedFull tech treeHidden civsTurbo modeCheats
Victory
Defeat
🇮🇩 Franks · Indonesia
905
+10
🇨🇦 Mongols · Canada
846
+13
🇦🇷 Byzantines · Argentina
829
+13
🇧🇴 Britons · Bolivia
799
+14
🇧🇬 Italians · Bulgaria
806
-13
🇧🇬 Khmer · Bulgaria
778
-13
🇧🇬 Shu · Bulgaria
768
-13
🇬🇧 Portuguese · United Kingdom
726
-11
DAMBRO
11:29 Feudal Age
15:30 Castle Age
13:15 Loom
23:04 Fletching
25:15 Double-Bit Axe
Picnic
13:16 Feudal Age
13:59 Double-Bit Axe
14:08 Gold Mining
14:10 Stone Mining
17:50 Fishing Lines
18:57 Wheelbarrow
23:44 Castle Age
24:17 Scale Barding Armor
24:23 Forging
27:06 Husbandry
28:22 Hand Cart
29:57 Caravan
30:40 Gold Shaft Mining
30:22 Bow Saw
31:23 Chain Barding Armor
31:38 Iron Casting
37:05 Imperial Age
Dr. Krauss
6:58 Loom
11:02 Feudal Age
11:39 Double-Bit Axe
13:26 Horse Collar
13:39 Gold Mining
15:54 Man-at-Arms
17:26 Forging
19:06 Fletching
21:32 Wheelbarrow
26:07 Castle Age
26:37 Pikeman
27:18 Crossbowman
30:24 Bow Saw
LuchoCuzzo
0:47 Loom
12:47 Feudal Age
13:16 Double-Bit Axe
14:31 Wheelbarrow
22:08 Castle Age
21:04 Stone Mining
21:17 Gold Mining
23:30 Hand Cart
27:03 Fortified Wall
31:32 Bow Saw
zahariev.pavel
6:45 Loom
11:14 Feudal Age
11:53 Double-Bit Axe
12:49 Horse Collar
15:59 Wheelbarrow
20:19 Castle Age
18:35 Gold Mining
21:55 Bow Saw
21:47 Fletching
22:09 Forging
24:06 Iron Casting
27:38 Heavy Plow
33:09 Imperial Age
svetoslavivanov1
1:10 Loom
12:16 Feudal Age
13:24 Double-Bit Axe
14:29 Horse Collar
19:47 Castle Age
gruckiq
9:15 Loom
11:00 Feudal Age
12:27 Double-Bit Axe
22:26 Castle Age
28:57 Imperial Age
26:32 Crossbowman
28:08 Wheelbarrow
29:38 Fletching
29:48 Town Watch
GRaFa
11:58 Feudal Age
11:26 Loom
14:20 Double-Bit Axe
14:28 Horse Collar
22:27 Castle Age
Connection lost

Rejoining the realm…

Still unreachable

The connection could not be restored.

Session expired

The server has moved on; the page needs a fresh start.